 Dungeon Crawl Stone Soup version 0.23-a0-643-g9ccc95a (webtiles) character file.

53 Gorice the Skirmisher (level 3, -5/33 HPs)
             Began as a Demonspawn Wanderer on Dec 31, 2018.
             Slain by a gnoll
             ... wielding a +0 whip
              (6 damage)
             ... on level 2 of the Dungeon.
             The game lasted 00:04:50 (1032 turns).

Gorice the Skirmisher (Demonspawn Wanderer)         Turns: 1032, Time: 00:04:51

Health: -5/33      AC:  5    Str: 13    XL:     3   Next: 62%
Magic:  3/3        EV: 10    Int: 10    God:
Gold:   21         SH:  0    Dex: 15    Spells: 2/2 levels left

rFire    . . .     SeeInvis .   b - +0 hand crossbow
rCold    . . .     Gourm    .   (no shield)
rNeg     . . .     Faith    .   d - +0 ring mail
rPois    .         Spirit   .   (no helmet)
rElec    .         Reflect  .   (no cloak)
rCorr    +         Harm     .   (no gloves)
MR       +....                  (no boots)
Stlth    +.........             (no amulet)
HPRegen  0.11/turn              C - ring of resist corrosion
MPRegen  0.08/turn              m - ring of protection from magic

@: no status effects
A: claws 1
a: no special abilities


You were on level 2 of the Dungeon.
You were not hungry.

You visited 1 branch of the dungeon, and saw 2 of its levels.

You collected 21 gold pieces.

Inventory:

Hand Weapons
 b - a +0 hand crossbow (weapon)
 e - a +0 whip
 l - a +2 dagger of draining
   (You took it off a goblin on level 1 of the Dungeon)
Missiles
 c - 35 bolts (quivered)
 Y - 4 stones
Armour
 d - a +0 ring mail (worn)
Jewellery
 m - a ring of protection from magic (right claw)
 C - a ring of resist corrosion (left claw)
Wands
 a - a wand of flame (15)
Scrolls
 g - a scroll of remove curse
Potions
 h - 2 potions of brilliance {unknown}
 j - 2 potions of cancellation {!q}
 k - a potion of ambrosia {unknown}
 n - a potion of haste {unknown}
Comestibles
 f - a ration
 i - 4 chunks of flesh


   Skills:
 - Level 5.2 Fighting
 - Level 2.1 Armour
 - Level 1.0 Stealth
   Level 1.0 Shields
 * Level 2.4 Unarmed Combat
 - Level 1.0 Evocations


You had 2 spell levels left.
You didn't know any spells.
Your spell library was empty.

Dungeon Overview and Level Annotations

Branches:
Dungeon (2/15)

Altars:
Trog


Innate Abilities, Weirdness & Mutations

You have sharp fingernails.


Message History

You shoot a bolt. The bolt barely misses the gnoll.
The gnoll hits you with a +0 flail.
Damage: 5 (max 5) Firing (i - inventory. (/) - cycle)
c - 41 bolts (quivered)
Press: ? - help, Shift-Dir - straight line, f/p - gnoll
Aim: a gnoll, wielding a +0 flail (almost dead)
You shoot a bolt.
The bolt hits the gnoll but does no damage.
The gnoll is almost dead.
The gnoll closely misses you. The gnoll hits you with a +0 whip.
Damage: 2 (max 5) Firing (i - inventory. (/) - cycle)
c - 40 bolts (quivered)
Press: ? - help, Shift-Dir - straight line, f/p - gnoll
Aim: a gnoll, wielding a +0 flail (almost dead)
You shoot a bolt. The bolt barely misses the gnoll.
The gnoll hits you with a +0 flail. The gnoll hits you with a +0 whip.
Damage: 8 (max 8) Firing (i - inventory. (/) - cycle)
c - 39 bolts (quivered)
Press: ? - help, Shift-Dir - straight line, f/p - gnoll
Aim: a gnoll, wielding a +0 flail (almost dead)
You shoot a bolt. The bolt hits the gnoll!
You kill the gnoll!
The gnoll hits you with a +0 whip.
* * * LOW HITPOINT WARNING * * *
The gnoll hits you with a +0 whip.
* * * LOW HITPOINT WARNING * * *
Damage: 5 (max 8) Firing (i - inventory. (/) - cycle)
c - 38 bolts (quivered)
Press: ? - help, Shift-Dir - straight line, f - gnoll
Aim: a gnoll, wielding a +0 whip You shoot a bolt.
The bolt closely misses the gnoll.
The gnoll hits you with a +0 whip.
* * * LOW HITPOINT WARNING * * *
Damage: 5 (max 8) Firing (i - inventory. (/) - cycle)
c - 37 bolts (quivered)
Press: ? - help, Shift-Dir - straight line, f/p - gnoll
Aim: a gnoll, wielding a +0 whip You shoot a bolt.
The bolt hits the gnoll but does no damage.
The gnoll hits you with a +0 whip!
* * * LOW HITPOINT WARNING * * *
The gnoll closely misses you.
Damage: 7 (max 8) Firing (i - inventory. (/) - cycle)
c - 36 bolts (quivered)
Press: ? - help, Shift-Dir - straight line, f/p - gnoll
Aim: a gnoll, wielding a +0 whip You shoot a bolt.
The bolt hits the gnoll.
The gnoll is moderately wounded.
The gnoll hits you with a +0 whip.
You die...

###### ##....##
)......## ........#
...#....#
..###...####
_.#y#......######
..###...##÷##...####
...#....##.##...@g)#
........#.÷.....##(#
.......##....##.#
.(.
##....##.....##.#
..(.#
#######......+..#
##.(.#
.............####
...# ).........#.##
..(. .........##..#
'#(# ......(.+......


You could see a gnoll.

Vanquished Creatures
  2 gnolls (D:2)
  A dart slug (D:1)
  A leopard gecko (D:2)
  A bat (D:1)
  A giant cockroach (D:1)
  5 goblins
  4 hobgoblins (D:1)
  2 jackals (D:1)
  5 kobolds
  A ball python (D:1)
  5 rats (D:2)
28 creatures vanquished.

Notes
Turn   | Place    | Note
-------+----------+-------------------------------------------
     0 | D:1      | Gorice the Demonspawn Wanderer began the quest for the Orb.
     0 | D:1      | Gorice set off with the following items: a wand of flame
                  | (15), a +0 hand crossbow, 24 bolts, a +0 ring mail, a
                  | ration
     0 | D:1      | Reached XP level 1. HP: 21/21 MP: 1/1
    33 | D:1      | Reached skill level 2 in Armour
    53 | D:1      | Gained mutation: You have sharp fingernails. [demonic
                  | ancestry]
    53 | D:1      | Reached XP level 2. HP: 27/27 MP: 2/2
   384 | D:1      | Reached skill level 1 in Unarmed Combat
   902 | D:2      | Reached XP level 3. HP: 33/33 MP: 3/3
   924 | D:2      | Noticed a moth of wrath
   927 | D:2      | Found a bloodstained altar of Trog.
  1022 | D:2      | Reached skill level 2 in Unarmed Combat
  1030 | D:2      | HP: 8/33 [gnoll/+0 whip (6)]
  1031 | D:2      | HP: 1/33 [gnoll/+0 whip (7)]
  1032 | D:2      | Slain by a gnoll

Vault maps used:
D:1:      giann_horns
D:2:      tgw_trog, nicolae_ru_the_path_less_chosen, kennysheep_generic_room_16,
          uniq_natasha

Skill      XL: |  1  2  3 |
---------------+----------+-----
Armour         | 2 |  2.1
Unarmed Combat | 1 2 |  2.4
Fighting       | |  5.2
Stealth        | |  1.0
Shields        | |  1.0
Evocations     | |  1.0

Action                   || total
-------------------------++-------
 Fire: Hand crossbow     ||    62
  Use: Scroll            ||     4
Armor: Ring mail         ||    10
Dodge: Dodged            ||    15

Table legend:
 A = Non-vault XP
 B = Vault XP
 C = Vault XP percentage of total XP
 D = Non-vault monster count
 E = Vault monster count
 F = Vault count percentage of total count
                 A         B        C        D         E       F
            +---------+---------+-------+---------+---------+-------
      Total |      71 |       5 |   6.6 |      23 |       5 |  17.9
            +---------+---------+-------+---------+---------+-------
        D:1 |      35 |       0 |   0.0 |      18 |       0 |   0.0
        D:2 |      36 |       5 |  12.2 |       5 |       5 |  50.0
            +---------+---------+-------+---------+---------+-------

Table legend:
 A = Turns spent in this place as a percentage of turns spent in the entire game.
 B = Non-inter-level travel turns spent in this place as a percentage of non-inter-level travel turns spent in the entire game.
 C = Inter-level travel turns spent in this place as a percentage of turns spent in this place.
 D = Turns resting spent in this place as a percentage of non-inter-level travel turns spent in this place.
 E = Turns spent auto-exploring this place as a percentage of non-inter-level travel turns spent in this place.
 F = Non-inter-level travel turns spent in this place divided by the number of levels of this place that you've seen.
                   A       B       C       D       E      F
               +-------+-------+-------+-------+-------+----------------------
         Total | 100.0 | 100.0 |   2.4 |   0.0 |  70.8 | 503.5
       Dungeon | 100.0 | 100.0 |   2.4 |   0.0 |  70.8 | 503.5
               +-------+-------+-------+-------+-------+----------------------

Vault maps used:
D:1:      giann_horns
D:2:      tgw_trog, nicolae_ru_the_path_less_chosen, kennysheep_generic_room_16,
          uniq_natasha
